 Dungeon Crawl Stone Soup version 0.28.0 (webtiles) character file.

Game seed: 9706652207116367447

74 Ablot the Grasshopper (level 4, 0/38 HPs)
             Began as a Gnoll Warper on Feb 17, 2022.
             Killed from afar by an orc wizard (8 damage)
             ... with a magic dart
             ... on level 3 of the Dungeon.
             The game lasted 00:03:59 (2583 turns).

Ablot the Grasshopper (Gnoll Warper)                Turns: 2583, Time: 00:03:59

Health: 0/38       AC:  3    Str: 12    XL:     4   Next: 28%
Magic:  11/11      EV: 13    Int: 13    God:
Gold:   91         SH:  0    Dex: 16    Spells: 11/13 levels left

rFire   + . .      SeeInvis .   a - +4 spear "Vewiloh" {flame, Dex+5}
rCold   x . .      Faith    .   (no shield)
rNeg    . . .      Spirit   .   b - +0 leather armour
rPois   .          Reflect  +   (no helmet)
rElec   .          Harm     .   (no cloak)
rCorr   .          Rampage  .   (no gloves)
Will    .....                   (no boots)
Stlth   +.........              i - amulet of reflection
HPRegen 0.12/turn               g - ring of fire
MPRegen 0.12/turn               (no ring)

@: confused
A: fangs 1, strong nose, distributed training
a: no special abilities


You were on level 3 of the Dungeon.
You visited 1 branch of the dungeon, and saw 3 of its levels.

You collected 91 gold pieces.

Inventory:

Hand Weapons
 a - the +4 spear "Vewiloh" (weapon) {flame, Dex+5}
   (You found it on level 2 of the Dungeon)

   It burns those it strikes, dealing additional fire damage.
   Dex:       It affects your dexterity (+5).
Missiles
 d - 5 boomerangs of dispersal (quivered)
 h - 34 arrows
 j - 5 stones
 m - 9 sling bullets
 p - 25 bolts
Armour
 b - a +0 leather armour (worn)
Jewellery
 g - a ring of fire (left hand)
 i - an amulet of reflection (around neck)
Scrolls
 c - 2 scrolls of blinking
 e - a scroll of magic mapping {unknown}
 f - a scroll of amnesia {unknown}
 k - 3 scrolls of identify {unknown}
 n - a scroll of summoning {unknown}
Potions
 l - a potion of might {unknown}
 o - a potion of curing {unknown}


   Skills:
 + Level 4.6 Fighting
 + Level 1.1 Short Blades
 + Level 1.1 Long Blades
 + Level 1.1 Axes
 + Level 1.1 Maces & Flails
 + Level 4.6 Polearms
 + Level 1.1 Staves
 + Level 1.1 Slings
 + Level 1.1 Bows
 + Level 1.1 Crossbows
 + Level 2.7 Throwing
 + Level 2.7 Armour
 + Level 4.6 Dodging
 + Level 1.1 Stealth
 + Level 1.1 Shields
 + Level 1.1 Unarmed Combat
 + Level 5.0 Spellcasting
 + Level 0.8 Conjurations
 + Level 0.8 Hexes
 + Level 0.8 Summonings
 + Level 0.8 Necromancy
 + Level 5.4 Translocations
 + Level 0.8 Transmutations
 + Level 0.8 Fire Magic
 + Level 0.8 Ice Magic
 + Level 0.8 Air Magic
 + Level 0.8 Earth Magic
 + Level 0.8 Poison Magic
 + Level 1.2 Invocations
 + Level 1.1 Evocations


You had 11 spell levels left.
You knew the following spells:

 Your Spells              Type           Power      Damage    Failure   Level
a - Blink                 Tloc           34%        N/A       3%          2

Your spell library contained the following spells:

 Spells                   Type           Power      Damage    Failure   Level
 Gell's Gravitas          Tloc           17%        N/A       8%          3
 Lesser Beckoning         Tloc           17%        N/A       8%          3
 Teleport Other           Tloc           17%        N/A       8%          3
 Sting                    Tmut/Pois      20%        1d4       17%         1
 Poisonous Vapours        Pois/Air       10%        N/A       26%         2
 Manifold Assault         Tloc           17%        N/A       56%         5
 Olgreb's Toxic Radiance  Pois           5%         N/A       86%         4


Dungeon Overview and Level Annotations

Branches:
Dungeon (3/15)

Altars:

Shops:
D:3 (


Innate Abilities, Weirdness & Mutations

You have very sharp teeth.
Your uncanny sense of smell can sniff out nearby items.
Your experience applies equally to all skills.


Message History

You are confused.
You bump into the rock wall.
The orc wizard casts a spell at you. The puff of flame hits you. You resist.
You closely miss the orc wizard.
The orc wizard hits you with a +0 dagger.
You bump into the rock wall.
The orc wizard hits you with a +0 dagger.
You bump into the rock wall.
The orc wizard casts a spell at you.
You are more confused.
You hit the orc wizard. You burn the orc wizard.
The orc wizard is moderately wounded.
The orc wizard misses you.
You're too confused to move!
The orc wizard closely misses you.
You closely miss the orc wizard.
The orc wizard is moderately wounded.
The orc wizard hits you with a +0 dagger.
You bump into the rock wall.
The orc wizard hits you with a +0 dagger.
You bump into the rock wall.
The orc wizard hits you with a +0 dagger.
* * * LOW HITPOINT WARNING * * *
You miss the orc wizard.
The orc wizard is moderately wounded.
The orc wizard hits you with a +0 dagger.
* * * LOW HITPOINT WARNING * * *
You hit the orc wizard. You burn the orc wizard.
The orc wizard is severely wounded.
The orc wizard hits you with a +0 dagger.
* * * LOW HITPOINT WARNING * * *
You miss the orc wizard.
The orc wizard is severely wounded.
The orc wizard misses you.
You hit the orc wizard but do no damage.
The orc wizard is severely wounded.
Unknown command.
The orc wizard gestures at you while chanting.
The magic dart hits you!
You die...

#...........# #...........#
#...........# #.#
#...........# #.# .. o
#...........# #.# .......
#<..........# #.#
........#...........# #.#
..............†@...# #.#
...[..........###.### #.#
..............###o#######.#
............o......>......#
.#..####......#####.####..#
.#..# #......# #.# #..#
.#..# #......# #.# #..#
.#..####......# #.# #..#
............... ..#
#..#######


You could see an orc wizard.

Vanquished Creatures
  3 adders
  A worm (D:2)
  3 ball pythons
  2 bats (D:3)
  2 endoplasms
  2 giant cockroaches
  4 goblins
  7 hobgoblins
  4 jackals (D:2)
  4 quokkas (D:1)
  4 frilled lizards
  A kobold (D:2)
  3 rats (D:1)
40 creatures vanquished.

Notes
Turn   | Place    | Note
-------+----------+-------------------------------------------
     0 | D:1      | Ablot the Gnoll Warper began the quest for the Orb.
     0 | D:1      | Reached XP level 1. HP: 20/20 MP: 6/6
   324 | D:1      | Reached XP level 2. HP: 25/26 MP: 7/7
   327 | D:1      | Learned a level 2 spell: Blink
  1098 | D:1      | Reached XP level 3. HP: 31/31 MP: 9/9
  1236 | D:2      | Reached skill level 5 in Spellcasting
  1579 | D:2      | Reached skill level 1 in Invocations
  1603 | D:2      | Identified the +4 spear "Vewiloh" {flame, Dex+5}
  1857 | D:2      | Reached skill level 1 in Short Blades
  1857 | D:2      | Reached skill level 1 in Long Blades
  1857 | D:2      | Reached skill level 1 in Axes
  1857 | D:2      | Reached skill level 1 in Maces & Flails
  1857 | D:2      | Reached skill level 1 in Staves
  1857 | D:2      | Reached skill level 1 in Slings
  1857 | D:2      | Reached skill level 1 in Bows
  1857 | D:2      | Reached skill level 1 in Crossbows
  1857 | D:2      | Reached skill level 1 in Stealth
  1857 | D:2      | Reached skill level 1 in Shields
  1857 | D:2      | Reached skill level 1 in Unarmed Combat
  1857 | D:2      | Reached skill level 1 in Evocations
  1857 | D:2      | Reached XP level 4. HP: 26/38 MP: 11/11
  2124 | D:2      | Found a faded altar of an unknown god.
  2469 | D:3      | Found Puix's Antique Weapon Shoppe.
  2583 | D:3      | Killed from afar by an orc wizard

Illustrated notes

Levels and vault maps discovered:
D:1:      saegor_arrival_simple_d, layout_basic, due_unseen_surprise
D:2:      layout_loops_cross, shapermc_ecumenical_altar_petra
D:3:      layout_basic, serial_shops, shop

Skill      XL: |  1  2  3 |
---------------+----------+-----
Spellcasting   | 5 |  5.0
Invocations    | 1 |  1.2
Short Blades   | 1 |  1.1
Long Blades    | 1 |  1.1
Axes           | 1 |  1.1
Maces & Flails | 1 |  1.1
Staves         | 1 |  1.1
Slings         | 1 |  1.1
Bows           | 1 |  1.1
Crossbows      | 1 |  1.1
Stealth        | 1 |  1.1
Shields        | 1 |  1.1
Unarmed Combat | 1 |  1.1
Evocations     | 1 |  1.1
Fighting       | |  4.6
Polearms       | |  4.6
Throwing       | |  2.7
Armour         | |  2.7
Dodging        | |  4.6
Conjurations   | |  0.8
Hexes          | |  0.8
Summonings     | |  0.8
Necromancy     | |  0.8
Translocations | |  5.4
Transmutations | |  0.8
Fire Magic     | |  0.8
Ice Magic      | |  0.8
Air Magic      | |  0.8
Earth Magic    | |  0.8
Poison Magic   | |  0.8

Action                   |  1- 3 |  4- 6 || total
-------------------------+-------+-------++-------
Melee: Spear             |   137 |    26 ||   163
       Bite              |    13 |       ||    13
       Punch             |     2 |       ||     2
 Cast: Blink             |     1 |       ||     1
 Stab: Sleeping          |     2 |       ||     2
Armor: Leather armour    |    30 |     2 ||    32
Dodge: Dodged            |    68 |     8 ||    76
Block: Other             |     9 |     1 ||    10
